 Dungeon Crawl Stone Soup version 0.29.1-12-g30fa7ad0bf (webtiles) character file.

Game seed: 11860857839507893602

39 H0rd4k the Charlatan (level 3, -3/24 HPs)
             Began as an Octopode Artificer on Dec 12, 2022.
             Slain by Sigmund
             ... wielding a +0 scythe
              (11 damage)
             ... on level 2 of the Dungeon.
             The game lasted 00:01:05 (2488 turns).

H0rd4k the Charlatan (Octopode Artificer)           Turns: 2488, Time: 00:01:06

Health: -3/24      AC:  1    Str: 11    XL:     3   Next: 47%
Magic:  5/5        EV: 13    Int: 15    God:
Gold:   41         SH:  0    Dex: 12    Spells: 5/5 levels left

rFire   . . .      SeeInvis .     - Unarmed
rCold   . . .      Faith    .   (no shield)
rNeg    . . .      Spirit   .   (helmet restricted)
rPois   .          Reflect  .   (no amulet)
rElec   .          Harm     .   (no ring)
rCorr   .          Rampage  .   (no ring)
Will    .....                   (no ring)
Stlth   +++.......              (no ring)
HPRegen 0.08/turn               (no ring)
MPRegen 0.09/turn               (no ring)
                                (no ring)
                                (no ring)

@: no status effects
A: almost no armour, amphibious, 8 rings, camouflage 1, gelatinous body 1,
(nimble swimmer 1), tentacles
a: no special abilities


You were on level 2 of the Dungeon.
You visited 1 branch of the dungeon, and saw 2 of its levels.

You collected 41 gold pieces.

Inventory:

Jewellery
 i - a ring of willpower
Wands
 b - a wand of flame (15) (quivered)
 c - a wand of charming (15)
 d - a wand of iceblast (5)
Scrolls
 a - 4 scrolls of identify {unknown}
 j - a scroll of enchant weapon {unknown}
 l - a scroll of noise {unknown}
Potions
 e - 2 potions of resistance {unknown}
 f - 3 potions of degeneration {unknown}
 g - a potion of cancellation {unknown}
 h - a potion of magic {unknown}
 k - a potion of invisibility {unknown}


   Skills:
 * Level 1.9 Fighting
 - Level 2.3 Dodging
 - Level 1.3 Stealth
 + Level 1.4 Unarmed Combat
 * Level 1.5 Spellcasting
 - Level 3.2 Evocations


You had 5 spell levels left.
You didn't know any spells.
Your spell library was empty.

Dungeon Overview and Level Annotations

Branches:
Dungeon (2/15)

Altars:

Shops:
D:2 :

Annotations:
D:2 Sigmund


Innate Abilities, Weirdness & Mutations

You cannot wear most types of armour.
You are amphibious.
You can wear up to eight rings at the same time.
Your skin changes colour to match your surroundings (Stealth+).
Your rubbery body absorbs attacks. (AC +1, EV +1)
((You are camouflaged when in or above water. (Stealth+)))
You have tentacles for arms and can constrict up to eight enemies at once.


Message History

You squeeze the hobgoblin.
The hobgoblin is almost dead.
The hobgoblin barely misses you.
A hobgoblin is nearby!
You tentacle-slap the hobgoblin but do no damage.
You grab the hobgoblin.
The hobgoblin is almost dead.
You constrict the hobgoblin, but do no damage.
The hobgoblin barely misses you.
A hobgoblin is nearby!
You barely miss the hobgoblin. You squeeze the hobgoblin.
You kill the hobgoblin!
Found a stone staircase leading down.
No target in view!
There is a stone staircase leading down here.
a - 4 scrolls labelled FEUBLOO MESH (gained 1) Key pressed, stopping explore.
No target in view!
Key pressed, stopping explore.
No target in view!
Sigmund the Dreaded comes into view.
He is wielding a +0 scythe and carrying a wand of quicksilver (8).
Sigmund shouts!
Sigmund zaps a wand.
The bolt of dispelling energy misses you.
Sigmund is nearby!
Sigmund is nearby!
Sigmund misses you.
Sigmund is nearby!
Sigmund points at you and mumbles some strange words.
The puff of flame misses you.
You tentacle-slap Sigmund. You grab Sigmund.
Sigmund is lightly wounded.
You constrict Sigmund, but do no damage.
Sigmund zaps a wand.
The bolt of dispelling energy hits you!
Ouch! That really hurt!
You tentacle-slap Sigmund but do no damage.
Sigmund is lightly wounded.
You constrict Sigmund, but do no damage.
Sigmund hits you with a +0 scythe!
You die...

#
#.#
#
#.#
#
#.#
#
#.#
#
#.#
#
#.#
#.#
#.#
#@#
#@#
#.#
#.#
#.#
..#
###


You could see Sigmund.

Vanquished Creatures
  2 dart slugs (D:1)
  2 ball pythons
  5 endoplasms
  3 giant cockroaches
  2 goblins (D:1)
  A hobgoblin (D:2)
  5 kobolds
  A quokka (D:1)
  6 bats
  A frilled lizard (D:1)
  3 rats (D:2)
31 creatures vanquished.

Notes
Turn   | Place    | Note
-------+----------+-------------------------------------------
     0 | D:1      | H0rd4k the Octopode Artificer began the quest for the Orb.
     0 | D:1      | Reached XP level 1. HP: 13/13 MP: 1/1
   840 | D:1      | Reached skill level 1 in Spellcasting
   840 | D:1      | Reached XP level 2. HP: 14/18 MP: 3/3
  1839 | D:1      | Reached skill level 1 in Unarmed Combat
  1839 | D:1      | Reached XP level 3. HP: 18/24 MP: 3/5
  2210 | D:2      | Found Luyneqyi's Book Shop.
  2350 | D:2      | Found a faded altar of an unknown god.
  2482 | D:2      | Noticed Sigmund
  2488 | D:2      | Slain by Sigmund

Illustrated notes

Levels and vault maps discovered:
D:1:      lemuel_arrival_cross, layout_loops_corners, roderic_lattice_a
D:2:      layout_loops_ring, chequers_ecumenical_altar_island, serial_shops,
          nicolae_shop_statue_plus, basic_altar, uniq_sigmund

Skill      XL: |  1  2 |
---------------+-------+-----
Spellcasting   | 1 |  1.5
Unarmed Combat | 1 |  1.4
Fighting       | |  1.9
Dodging        | |  2.3
Stealth        | |  1.3
Evocations     | |  3.2

Action                   || total
-------------------------++-------
Melee: Unarmed           ||    90
       Tentacles         ||    24
       Constrict         ||    18
       Punch             ||     2
 Stab: Sleeping          ||     8
Armor: Skin              ||    10
Dodge: Dodged            ||    54
